 Dungeon Crawl Stone Soup version 0.27-a0-1196-g3e9cee4cb2 (webtiles) character file.

Game seed: 17009528380946734412

16520 robertstho the Fighter (level 12, -8/115 HPs)
             Began as a Red Draconian Berserker on May 27, 2021.
             Was a High Priest of Trog.
             Mangled by an ogre mage
             ... wielding a +0 spear
              (11 damage)
             ... on level 15 of the Dungeon.
             The game lasted 00:18:04 (12645 turns).

robertstho the Fighter (Red Draconian Berserker)   Turns: 12645, Time: 00:18:08

Health: -8/115     AC: 10    Str: 23    XL:     12   Next: 10%
Magic:  0/12       EV: 20    Int:  8    God:    Trog [*****.]
Gold:   220        SH:  0    Dex: 12    Spells: 11/11 levels left

rFire    + . .     SeeInvis .   J - +2 triple sword (protect)
rCold    . . .     Faith    .   (shield currently unavailable)
rNeg     . . .     Spirit   +   (armour unavailable)
rPois    .         Reflect  .   L - +1 hat
rElec    .         Harm     .   O - scarf {repulsion}
rCorr    .         Rampage  .   (no gloves)
Will     .....                  C - +0 pair of boots
Stlth    +++.......             i - amulet of guardian spirit
HPRegen  0.29/turn              y - ring of flight
MPRegen  0.13/turn              t - +4 ring of evasion

@: on berserk cooldown, flying, slowed, studying Fighting, repel missiles, very
slow
A: breathe fire, AC +8, unfitting armour, fire resistance 1, cold-blooded
a: Breathe Fire, Renounce Religion, Berserk, Trog's Hand, Brothers in Arms


You were on level 15 of the Dungeon.
You worshipped Trog.
Trog was extremely pleased with you.
You visited 1 branch of the dungeon, and saw 13 of its levels.
You also visited: Bailey.

You collected 1001 gold pieces.
You spent 781 gold pieces at shops.

Inventory:

Hand Weapons
 a - a +0 falchion
 l - a +2 great sword of electrocution
 B - a +0 scimitar
 I - the +9 scimitar of Axalowikk {vorpal, rElec rC+ Str-4}
   (You bought it in a shop on level 10 of the Dungeon)

   It inflicts extra damage upon your enemies.
   It affects your strength (-4).
   It protects you from cold.
   It insulates you from electricity.
 J - a +2 triple sword of protection (weapon)
Missiles
 b - 8 curare-tipped darts
Armour
 C - a +0 pair of boots (worn)
 D - a +1 cloak
 E - a +0 kite shield
 L - a +1 hat (worn)
 O - a scarf of repulsion (worn)
Jewellery
 i - an amulet of guardian spirit (around neck)
 n - a ring of willpower
 q - a ring of fire
 t - a +4 ring of evasion (right hand)
 y - a ring of flight (left hand)
Wands
 o - a wand of paralysis (11)
 s - a wand of flame (15)
 x - a wand of iceblast (8)
 M - a wand of digging (2)
 Q - a wand of polymorph (9)
Scrolls
 e - 2 scrolls of fear {unknown}
 f - 5 scrolls of teleportation
 j - 3 scrolls of vulnerability {unknown}
 m - 2 scrolls of fog
 r - 2 scrolls of enchant armour
 u - a scroll of blinking
 v - a scroll of torment
 N - 3 scrolls of enchant weapon {unknown}
 P - a scroll of identify
Potions
 c - 2 potions of magic
 d - a potion of attraction
 g - 4 potions of cancellation
 h - 8 potions of curing
 k - 2 potions of flight
 p - a potion of resistance
 w - 3 potions of heal wounds {unknown}
 z - a potion of berserk rage {unknown}
 A - a potion of ambrosia {unknown}
 F - a potion of invisibility {unknown}
 H - a potion of mutation {unknown}
 K - a potion of haste {unknown}
Miscellaneous
 G - a condenser vane


   Skills:
 * Level 13.3 Fighting
 + Level 12.4 Long Blades
 * Level 9.7 Dodging
 + Level 4.5 Stealth


You had 11 spell levels left.
You didn't know any spells.
Your spell library was empty.

Dungeon Overview and Level Annotations

Branches:
Dungeon (12/15)            Temple (0/1) D:7            Lair (0/6) D:8
    Orc (0/2) D:9          Bailey (visited)

Altars:
Ashenzari
Cheibriados
Elyvilon
Hepliaklqana
Okawaru
Qazlal
Vehumet
Xom
Yredelemnul
Beogh

Shops:
D:2 *   D:6 :   D:10 *((**

Annotations:
D:8 2 transporters, supercan's ghost, novice FoAK


Innate Abilities, Weirdness & Mutations

You can breathe blasts of fire.
Your fiery red scales are hard. (AC +8)
You cannot fit into any form of body armour.
Your flesh is heat resistant. (rF+)
You are cold-blooded and may be slowed by cold attacks.


Message History

The two-headed ogre hits you with a +0 dire flail.
You have reached level 12!
Your experience leads to an increase in your attributes!
Increase (S)trength, (I)ntelligence, or (D)exterity?
You feel stronger.
You feel agile.
Your scales feel tougher.
You slice the two-headed ogre!!
The two-headed ogre is heavily wounded.
The two-headed ogre hits you with a +0 giant club!
The two-headed ogre hits you with a +0 dire flail.
You hit the two-headed ogre.
The two-headed ogre is severely wounded.
Something hits you. The two-headed ogre misses you.
The two-headed ogre closely misses you.
You dice the two-headed ogre like an onion!!!
You kill the two-headed ogre!
Trog accepts your kill. Something hits you but does no damage.
You are no longer berserk.
You are exhausted.
You feel yourself slow down. Something closely misses you.
Items here: )))))) †††.
You hit something. You tail-slap something. Something completely misses you.
Something hits you.
You slash something! Something hits you but does no damage. Something hits you.
You slash something! Something hits you!
* * * LOW HITPOINT WARNING * * *
Something hits you but does no damage.
You closely miss something. Something hits you!
* * * LOW HITPOINT WARNING * * *
You hear some strange, mumbled words.
A bolt of magma appears from out of thin air!
The bolt of magma hits you! You partially resist.
* * * LOW HITPOINT WARNING * * *
You miss something.
You hear some strange, mumbled words.
A bolt of magma appears from out of thin air!
The bolt of magma hits you! You partially resist.
* * * LOW HITPOINT WARNING * * *
Something hits you!
You die...

../ #.# #.#
#.# ##.# #
..# #. #.#
#.#######.#
#.......#@#
#.....#{#
#..O..#O#
#.....$.#
#...O##O###
#.... #.#
#...< #.#
#.... #.#
...... #.#


You could see a two-headed ogre (fast).

Vanquished Creatures
  Josephine (D:12)
  Erolcha (D:9)
  A boulder beetle (D:11)
  4 two-headed ogres
  An ugly thing (D:12)
  A cyclops (D:11)
  A gargoyle (D:12)
  A komodo dragon (D:11)
  2 trolls
  3 wraiths (D:12)
  13 yaks
  4 steam dragons
  A wyvern (D:9)
  2 humans (D:10)
  3 vampire mosquitoes (D:11)
  Menkaure (D:6)
  An acid dragon (D:8)
  A black bear (D:2)
  3 sky beasts
  19 orc warriors
  2 ice beasts
  A necrophage (D:5)
  An ogre (D:6)
  11 centaurs
  A bullfrog (D:6)
  A kobold brigand (D:10)
  Blork the orc (D:4)
  3 scorpions
  A wyvern zombie (D:5)
  A water moccasin zombie (D:6)
  7 killer bees
  A howler monkey (D:6)
  9 centaur zombies
  A jelly (D:8)
  5 orc priests
  3 hounds
  3 iguanas
  7 orc wizards
  A killer bee zombie (D:7)
  2 howler monkey zombies
  4 gnolls
  7 adders
  A shadow imp (D:6)
  A white imp (D:6)
  2 worms
  2 dart slugs
  56 orcs
  8 endoplasms
  2 giant cockroaches
  9 goblins
  5 hobgoblins
  8 jackals
  7 kobolds
  4 quokkas
  4 ball pythons (D:1)
  4 bats
  3 frilled lizards (D:2)
  8 rats
  A spectral orc (D:10)
262 creatures vanquished.

Vanquished Creatures (collateral kills)
  An acid dragon (D:9)
  2 kobold brigands
  A gnoll sergeant (D:9)
  3 killer bees (D:9)
  The ghost of rjrrt the Chopper, a weakling DsBe of Trog (D:3)
  2 gnolls (D:9)
  An endoplasm (D:3)
  A hobgoblin (D:3)
  5 kobolds (D:9)
17 creatures vanquished.

Grand Total: 279 creatures vanquished

Notes
Turn   | Place    | Note
-------+----------+-------------------------------------------
     0 | D:1      | robertstho the Draconian Berserker began the quest for the
                  | Orb.
     0 | D:1      | Reached XP level 1. HP: 19/19 MP: 1/1
   207 | D:1      | Reached XP level 2. HP: 14/26 MP: 2/2
   640 | D:1      | Found a faded altar of an unknown god.
  1021 | D:1      | Reached XP level 3. HP: 33/33 MP: 3/3
  1034 | D:1      | Reached ** piety under Trog
  1588 | D:2      | Found Soluf's General Store.
  1596 | D:2      | Bought a potion of curing for 39 gold pieces
  1596 | D:2      | Bought a potion of degeneration for 13 gold pieces
  1678 | D:2      | Reached skill level 4 in Fighting
  1905 | D:2      | Reached XP level 4. HP: 40/40 MP: 4/4
  1951 | D:2      | Noticed a black bear
  1966 | D:2      | Killed a black bear
  1967 | D:2      | Reached XP level 5. HP: 16/47 MP: 5/5
  2316 | D:2      | Reached skill level 1 in Stealth
  2599 | D:2      | Bought a scroll of identify for 26 gold pieces
  2599 | D:2      | Bought a scroll of fog for 26 gold pieces
  2767 | D:3      | Found a runed translucent gate.
  2767 | D:3      | Found a runed translucent gate.
  2771 | D:3      | Found a runed translucent gate.
  2774 | D:3      | Noticed rjrrt's ghost (weakling DsBe)
  3235 | D:4      | Reached XP level 6. HP: 50/55 MP: 6/6
  3330 | D:4      | Reached skill level 5 in Fighting
  3410 | D:4      | Noticed Blork the orc
  3418 | D:4      | Killed Blork the orc
  3419 | D:4      | Reached skill level 5 in Long Blades
  3494 | D:4      | Identified the +0 leather armour of the Stars {Will++}
  3663 | D:4      | Found a hazy altar of Hepliaklqana.
  3902 | D:5      | Entered Level 5 of the Dungeon
  3987 | D:5      | Your scales start taking on a fiery red colour.
  3987 | D:5      | Reached XP level 7. HP: 52/61 MP: 7/7
  3987 | D:5      | Gained mutation: Your flesh is heat resistant. (rF+) [Red
                  | Draconian growth]
  4567 | D:5      | Noticed a steam dragon
  4576 | D:5      | Reached skill level 6 in Fighting
  4576 | D:5      | Reached skill level 5 in Dodging
  4578 | D:5      | Killed a steam dragon
  4691 | D:5      | Found a snail-covered altar of Cheibriados.
  4724 | D:5      | Reached XP level 8. HP: 62/71 MP: 8/8
  4842 | D:5      | Found a broken altar of Ashenzari.
  4969 | D:6      | Noticed Menkaure
  4973 | D:6      | Killed Menkaure
  5140 | D:6      | Found Ruameor's Book Emporium.
  5179 | D:6      | Reached *** piety under Trog
  5240 | D:6      | Found a radiant altar of Vehumet.
  5274 | D:6      | Found a shimmering altar of Xom.
  5323 | D:6      | Found a stormy altar of Qazlal.
  5372 | D:6      | Reached skill level 7 in Fighting
  5693 | D:7      | Found a staircase to the Ecumenical Temple.
  6029 | D:7      | Found a white marble altar of Elyvilon.
  6204 | D:7      | Reached XP level 9. HP: 81/81 MP: 9/9
  6335 | D:7      | Reached skill level 8 in Fighting
  6718 | D:8      | Found a transporter.
  6725 | D:8      | Noticed supercan's ghost (novice FoAK)
  6726 | D:8      | Noticed a boulder beetle
  6728 | D:8      | Found a transporter.
  6765 | D:8      | Found a staircase to the Lair.
  7020 | D:8      | Reached skill level 9 in Fighting
  7233 | D:8      | Reached **** piety under Trog
  7643 | D:9      | Reached XP level 10. HP: 91/91 MP: 10/10
  7696 | D:9      | Noticed a two-headed ogre
  7701 | D:9      | Killed a two-headed ogre
  7745 | D:9      | Noticed Erolcha
  7752 | D:9      | Killed Erolcha
  7753 | D:9      | Reached skill level 10 in Fighting
  7916 | D:9      | Found a staircase to the Orcish Mines.
  8653 | D:9      | Reached skill level 10 in Long Blades
  9111 | D:3      | Killed rjrrt's ghost
  9147 | D:4      | Identified a scroll of acquirement
  9148 | D:4      | Acquired a +2 great sword of electrocution
  9264 | D:10     | Entered Level 10 of the Dungeon
  9264 | D:10     | Found Zuacou's Assorted Antiques.
  9326 | D:10     | Found Qemn's General Store.
  9453 | D:10     | Bought a potion of flight for 39 gold pieces
  9539 | D:10     | Found an iron altar of Okawaru.
  9672 | D:10     | Found Caup's Antique Weapon Emporium.
  9680 | D:10     | Bought a glimmering scimitar for 261 gold pieces
  9680 | D:10     | Identified the +9 scimitar of Axalowikk {vorpal, rElec rC+
                  | Str-4} (You bought it in a shop on level 10 of the Dungeon)
  9680 | D:10     | Bought a runed triple sword for 377 gold pieces
  9766 | D:10     | Found a basalt altar of Yredelemnul.
  9962 | D:10     | Found Uschaohe's Assorted Antiques.
 10056 | D:10     | Found Haib's Antique Weapon Shop.
 10310 | D:11     | Reached XP level 11. HP: 101/101 MP: 11/11
 10324 | D:11     | Reached skill level 11 in Fighting
 10487 | D:11     | Found a flagged portal.
 10500 | Bailey   | Entered a bailey
 10792 | Bailey   | Reached ***** piety under Trog
 11546 | D:11     | Noticed a boulder beetle
 11559 | D:11     | Killed a boulder beetle
 11908 | D:11     | Reached skill level 12 in Fighting
 12261 | D:12     | Noticed a white ugly thing
 12265 | D:12     | Killed a white ugly thing
 12497 | D:12     | Noticed Josephine
 12506 | D:12     | Killed Josephine
 12620 | D:12     | You are sucked into a shaft and drop 3 floors!
 12620 | D:15     | Entered Level 15 of the Dungeon
 12620 | D:15     | Noticed an ogre mage
 12620 | D:15     | Noticed a two-headed ogre
 12620 | D:15     | Noticed a two-headed ogre
 12620 | D:15     | Noticed a two-headed ogre
 12620 | D:15     | Noticed a two-headed ogre
 12632 | D:15     | Killed a two-headed ogre
 12633 | D:15     | Reached skill level 13 in Fighting
 12636 | D:15     | Killed a two-headed ogre
 12637 | D:15     | Reached XP level 12. HP: 79/115 MP: 7/12
 12639 | D:15     | Killed a two-headed ogre
 12645 | D:15     | HP: 3/115 [something/bolt of magma (11)]
 12645 | D:15     | Mangled by an ogre mage

Illustrated notes

Levels and vault maps discovered:
D:1:      minmay_arrival_plants_in_alcoves, layout_loops_ring,
          hellmonk_ecumenical_altar_zigzags, minmay_cut_off
D:2:      layout_basic, serial_shops, nicolae_shop_crystal,
          small_statue_intersection, hangedman_feature_mirror,
          minmay_fractal_squares_5
D:3:      layout_rooms, gammafunk_ghost_split, st_stairs_14,
          minmay_misc_feat_nine_boxes, kennysheep_orc_chapel
D:4:      layout_cave_pools, worldfamousw_hep_ancestral_shrine,
          serial_column_ruins, column_ruins_hut, column_ruins_hut,
          column_ruins_open_tiny, column_ruins_columns_straight,
          column_ruins_columns_dead_end, column_ruins_open_small_water,
          column_ruins_open_medium, uniq_blork_the_orc
D:5:      layout_cave_pools, general_overflow_altar, lemuel_round_altar
D:6:      layout_rooms, xom_teletrap_fun, lemuel_doored_altar,
          fiery_altar_vehumet, serial_shops, nicolae_shop_waterfront,
          uniq_menkaure
D:7:      layout_gridville, nicolae_overflow_crystal_walls,
          minmay_temple_entry_large_hall, moated_statue
D:8:      layout_rooms, lair_entry_dummy, gammafunk_ghost_arena
D:9:      layout_basic, david_orc_2, grunt_ministairs_15,
          minmay_misc_feat_ornament, uniq_erolcha
D:10:     layout_stronghold, yredelemnul_forgotten_temple_becter,
          okawaru_humans, serial_shops, shop, shop_fountains, shop, shop, shop
D:11:     layout_irregular_city, enter_bailey_3, minivault_21,
          kennysheep_generic_room_15
D:12:     layout_irregular_city, enter_trove_5, uniq_josephine, uniq_sonja
D:15:     grunt_enter_depths_snipers, layout_basic, minivault_27

Skill      XL: |  1  2  3  4  5  6  7  8  9 10 11 |
---------------+----------------------------------+-----
Dodging        | 3 4 5 6 7 8 9 |  9.7
Fighting       | 4 5 6 7 9 10 13 | 13.3
Long Blades    | 4 5 6 7 8 10 12 | 12.4
Stealth        | 1 2 3 4 |  4.5

Action                   |  1- 3 |  4- 6 |  7- 9 | 10-12 || total
-------------------------+-------+-------+-------+-------++-------
Melee: Falchion          |   114 |   128 |   152 |       ||   394
       Tailslap          |    10 |    28 |    32 |    76 ||   146
       Scimitar          |       |       |    31 |    64 ||    95
       Great sword       |       |       |       |    29 ||    29
       Triple sword      |       |       |       |   212 ||   212
Invok: Berserk           |     1 |     6 |     8 |     6 ||    21
       Trog's Hand       |       |     1 |       |       ||     1
       Brothers in Arms  |       |       |       |     2 ||     2
 Abil: Breathe Fire      |       |       |    27 |     6 ||    33
  Use: Scroll            |       |     4 |     6 |     2 ||    12
       Potion            |       |     1 |       |       ||     1
 Stab: Sleeping          |     2 |     1 |     3 |     5 ||    11
Armor: Skin              |    41 |    52 |    45 |   120 ||   258
Dodge: Dodged            |    81 |    98 |   140 |   431 ||   750
       Repelled          |       |       |       |     1 ||     1
       Rpst.: Falchion   |    27 |    31 |    39 |       ||    97
       Scimitar          |       |       |     3 |    23 ||    26
       Great sword       |       |       |       |     8 ||     8
       Triple sword      |       |       |       |    62 ||    62

Table legend: (Time is in decaauts)
 A = Elapsed time spent in this place.
 B = Non-inter-level travel time spent in this place.
 C = Inter-level travel time spent in this place.
 D = Time resting spent in this place.
 E = Time spent auto-exploring this place.
 F = Levels seen in this place.
 G = Mean time per level.
                   A        B        C        D        E       F      G
               +--------+--------+--------+--------+--------+-----+--------+
         Total |  12913 |  12308 |    605 |   1018 |   9304 |  14 |  922.4 |
       Dungeon |  12088 |  11483 |    605 |   1018 |   8764 |  13 |  929.8 |
        Bailey |    824 |    824 |      0 |      0 |    540 |   1 |  824.0 |
               +--------+--------+--------+--------+--------+-----+--------+

Top non-repeatable levels by time:
     D:9: 1596 daAuts
     D:1: 1578 daAuts
    D:11: 1197 daAuts
     D:5: 1130 daAuts
     D:2: 1083 daAuts
    D:10: 977 daAuts
     D:8: 967 daAuts
     D:6: 883 daAuts
     D:7: 858 daAuts
  Bailey: 824 daAuts
     D:4: 710 daAuts
     D:3: 702 daAuts
    D:12: 377 daAuts
    D:15: 26 daAuts
